Map: Acropolis LE

Players

Gemini

  • Race: Protoss Protoss
  • League: Grandmaster
  • Spawn Location: 5:00

A.I. 1 (Very Easy) - Winner!

  • Race: Zerg Zerg
  • Spawn Location: 11:00

VOD

Have the link to the VOD?

Description

Time

  • Played on: Dec. 8, 2019, 12:09 p.m.
  • Length: 7:46
Show
View Real Time Build Order
Export as new Build Order

Gemini Protoss 

Build Orders: 1 Gate Expand, Oracle Opening, Zealot Archon 

Get SALT Encoding   

  12  0:00  Probe  
  13  0:13  Probe  
  14  0:19  Pylon  
  14  0:25  Probe  
  15  0:37  Probe (Chrono Boost)  
  15  0:41  Gateway  
  16  0:47  Probe (Chrono Boost), Assimilator  
  17  0:52  Probe (Chrono Boost)  
  18  1:03  Probe  
  19  1:21  Nexus  
  19  1:24  Probe  
  20  1:35  Cybernetics Core  
  20  1:36  Probe  
  21  1:44  Assimilator  
  21  1:49  Probe  
  21  1:53  Pylon  
  22  2:01  Probe  
  23  2:09  Adept (Chrono Boost)  
  23  2:13  Probe  
  26  2:19  Stargate  
  26  2:25  Probe (Chrono Boost)  
  27  2:33  Probe (Chrono Boost)  
  27  2:34  Stalker  
  31  2:37  Warp Gate, Probe (Chrono Boost)  
  31  2:43  Probe (Chrono Boost)  
  32  2:44  Probe (Chrono Boost)  
  32  2:47  Probe (Chrono Boost)  
  34  2:51  Probe  
  35  2:59  Probe  
  35  3:03  Oracle (Chrono Boost)  
  35  3:04  Probe  
  37  3:11  Probe  
  37  3:12  Pylon  
  41  3:16  Gateway  
  41  3:18  Probe  
  42  3:23  Probe  
  43  3:30  Probe  
  44  3:35  Oracle (Chrono Boost), Probe, Assimilator  
  44  3:36  Pylon  
  44  3:38  Assimilator  
  48  3:42  Probe  
  48  3:47  Probe  
  50  3:51  Robotics Facility  
  50  3:54  Probe  
  51  4:00  Probe  
  52  4:06  Probe  
  53  4:12  Nexus, Probe  
  53  4:16  Pylon  
  54  4:19  Probe  
  54  4:24  Probe  
  56  4:27  Sentry x2  
  56  4:30  Pylon  
  56  4:31  Probe  
  61  4:36  Immortal (Chrono Boost), Probe  
  62  4:43  Probe  
  67  4:48  Probe  
  68  4:53  Sentry, Pylon  
  68  4:54  Sentry  
  68  4:55  Probe  
  68  4:58  Twilight Council, Forge  
  68  4:59  Pylon  
  73  5:01  Probe  
  74  5:07  Observer (Chrono Boost), Probe  
  74  5:11  Pylon  
  76  5:15  Probe  
  76  5:16  Charge  
  76  5:18  Gateway  
  77  5:21  Gateway  
  77  5:24  Probe x2  
  77  5:26  Gateway, Protoss Ground Weapons Level 1 (Chrono Boost)  
  79  5:30  Gateway  
  79  5:37  Probe  
  79  5:42  Probe x2  
  82  5:46  Templar Archives  
  82  5:49  Probe  
  83  5:54  Probe x2  
  83  5:55  Immortal  
  89  6:01  Probe  
  90  6:06  Gateway, Probe  
  90  6:07  Gateway  
  90  6:09  Assimilator, Probe, Pylon  
  92  6:11  Assimilator  
  92  6:16  Probe  
  93  6:18  Probe  
  93  6:21  Probe  
  93  6:24  Pylon  
  93  6:25  Zealot x2, High Templar x2  
  99  6:26  Zealot  
  99  6:28  Probe  
  106  6:34  Probe  
  106  6:36  Probe  
  106  6:37  Archon, Warp Prism (Chrono Boost)  
  110  6:47  High Templar x2  
  110  6:48  Zealot x2  
  110  6:53  Archon  
  118  6:58  Pylon  
  118  7:00  Zealot  
  118  7:01  Zealot, Pylon x2  
  122  7:09  Zealot x4  
  122  7:11  Probe x3  
  133  7:16  Pylon x3  
  133  7:22  Nexus  
  133  7:23  Photon Cannon  
  133  7:30  Photon Cannon  
  133  7:32  Photon Cannon  
  133  7:36  High Templar x3  
  139  7:39  High Templar  
  141  7:44  Zealot x2  
  141  7:45  Zealot  
Show
View Real Time Build Order
Export as new Build Order

A.I. 1 (Very Easy) Zerg - Winner!

Build Orders: Pool First 

Get SALT Encoding   

  12  0:00  Drone  
  13  0:12  Overlord  
  13  0:16  Drone  
  14  0:34  Spawning Pool  
  13  0:37  Drone  
  13  0:41  Extractor  
  13  0:44  Drone  
  14  0:52  Overlord  
  14  1:21  Zergling x2  
  14  1:22  Queen  
  17  1:30  Roach Warren  
  16  1:33  Drone  
  16  1:37  Extractor  
  16  1:41  Drone  
  17  1:49  Zergling x2  
  18  2:00  Drone  
  19  2:07  Drone  
  20  2:16  Drone  
  20  2:17  Zergling x2  
  22  2:26  Overlord  
  23  2:30  Drone  
  24  2:37  Drone  
  25  2:44  Drone  
  25  2:45  Roach  
  27  4:12  Drone  
  27  4:42  Drone  
  24  4:49  Drone  
  25  4:56  Drone  
  26  5:04  Drone  
  27  6:09  Zergling x2  
  27  7:22  Drone  
  28  7:24  Overlord, Roach  
  28  7:29  Drone  
  31  7:30  Hatchery  
Tags
 
Add a new tag
Caveats
  • Supply blocks, unpowered buildings, or Contaminate may cause inaccurate times.
  • Supply counts are checked every 10 seconds.